 Dungeon Crawl Stone Soup version 0.25.1-2-g60ff931df9 (webtiles) character file.

Game seed: 12098408576454900423

143 Curus the Slasher (level 5, -3/45 HPs)
             Began as a Minotaur Monk on Aug 29, 2020.
             Slain by Edmund
             ... wielding a +7 flail of holy wrath
              (9 damage)
             ... on level 6 of the Dungeon.
             The game lasted 00:10:42 (2304 turns).

Curus the Slasher (Minotaur Monk)                   Turns: 2304, Time: 00:10:43

Health: -3/45      AC:  3    Str: 15    XL:     5   Next: 4%
Magic:  4/4        EV: 13    Int:  7    God:
Gold:   153        SH:  5    Dex: 14    Spells: 4/4 levels left

rFire    . . .     SeeInvis .   a - +2 falchion
rCold    + . .     Gourm    .   (no shield)
rNeg     . . .     Faith    .   g - +0 leather armour
rPois    .         Spirit   .   (helmet restricted)
rElec    .         Reflect  +   (no cloak)
rCorr    .         Harm     .   (no gloves)
MR       .....                  (no boots)
Stlth    ++........             f - amulet of reflection
HPRegen  0.15/turn              i - ring of protection from cold
MPRegen  0.09/turn              (no ring)

@: no status effects
A: retaliatory headbutt, horns 2
a: no special abilities


You were on level 6 of the Dungeon.
You were not hungry.

You visited 1 branch of the dungeon, and saw 4 of its levels.

You collected 153 gold pieces.

Inventory:

Hand Weapons
 a - a +2 falchion (weapon)
Armour
 b - a +0 robe
 g - a +0 leather armour (worn)
Jewellery
 f - an amulet of reflection (around neck)
 i - a ring of protection from cold (left hand)
Scrolls
 j - a scroll of identify
Potions
 d - a potion of magic
 e - a potion of ambrosia
Comestibles
 c - 4 rations
 h - 6 chunks of flesh


   Skills:
 - Level 3.6 Fighting
 + Level 7.0 Long Blades
 - Level 3.2 Dodging
 - Level 1.5 Stealth


You had 4 spell levels left.
You didn't know any spells.
Your spell library contained the following spells:

 Spells                   Type           Power        Failure   Level  Hunger
 Confusing Touch          Hex            #.......     86%         3    ####...
 Gell's Gravitas          Tloc           #.........   86%         3    ####...
 Petrify                  Tmut/Erth      #.......     99%         4    #####..
 Metabolic Englaciation   Hex/Ice        #.........   100%        5    ######.
 Yara's Violent Unravell  Hex/Tmut       #.........   100%        5    ######.


Dungeon Overview and Level Annotations

Branches:
Dungeon (3/15)

Altars:
Ru
Yredelemnul

Annotations:
D:6 Edmund


Innate Abilities, Weirdness & Mutations

You reflexively headbutt those who attack you in melee.
You have a pair of horns on your head.


Message History

You hit Edmund.
Edmund is heavily wounded.
Edmund hits you with a +7 flail of holy wrath.
You hit Edmund.
Edmund is severely wounded.
Edmund hits you with a +7 flail of holy wrath!
* * * LOW HITPOINT WARNING * * *
Unknown command.
Unknown command.
You hit Edmund but do no damage.
Edmund is severely wounded.
You barely miss Edmund.
Edmund is severely wounded.
Edmund hits you with a +7 flail of holy wrath!
* * * LOW HITPOINT WARNING * * *
Edmund barely misses you. You furiously retaliate!
You headbutt Edmund, but do no damage.
There is a stone staircase leading up here.
Edmund hits you with a +7 flail of holy wrath!
You die...

...
...#####+##
.........#
#.......+
+.......#
#.......###+##
#..?.........#
#............#
#........@@..#
#............#
#.......######
#.......#
#.......#
#.......#
##....###
#=...#


You could see Edmund.

Vanquished Creatures
  An orc wizard (D:2)
  An iguana (D:3)
  2 adders
  4 worms
  2 dart slugs (D:1)
  5 leopard geckos
  An orc (D:3)
  4 giant cockroaches
  8 goblins
  5 hobgoblins (D:2)
  3 jackals (D:2)
  4 kobolds
  A bat (D:2)
  3 frilled lizards
  8 rats
52 creatures vanquished.

Notes
Turn   | Place    | Note
-------+----------+-------------------------------------------
     0 | D:1      | Curus the Minotaur Monk began the quest for the Orb.
     0 | D:1      | Reached XP level 1. HP: 19/19 MP: 0/0
   165 | D:1      | Reached skill level 4 in Long Blades
   233 | D:1      | Reached XP level 2. HP: 24/26 MP: 1/1
   762 | D:2      | Reached skill level 5 in Long Blades
   970 | D:2      | Reached XP level 3. HP: 31/31 MP: 2/2
  1544 | D:2      | Found a sacrificial altar of Ru.
  1579 | D:2      | Reached skill level 6 in Long Blades
  1579 | D:2      | Reached XP level 4. HP: 32/39 MP: 3/3
  2136 | D:3      | Found a basalt altar of Yredelemnul.
  2194 | D:3      | Reached XP level 5. HP: 45/45 MP: 4/4
  2245 | D:3      | Reached skill level 7 in Long Blades
  2279 | D:3      | You fall into a shaft and drop 3 floors!
  2280 | D:6      | Noticed Edmund
  2304 | D:6      | Slain by Edmund

Illustrated notes

Levels and vault maps discovered:
D:1:      psy_arrival_basics, layout_loops_ring
D:2:      layout_basic, nicolae_ru_great_annihilating_truth, first_ration
D:3:      layout_basic, lemuel_crystal_altar, corexii_shack,
          uniq_crazy_yiuf_cottage, uniq_natasha
D:6:      layout_gridville, nicolae_ashenzari_panopticon,
          grunt_dithmenos_shadows, uniq_eustachio, uniq_menkaure, uniq_edmund

Skill      XL: |  1  2  3  4  5 |
---------------+----------------+-----
Long Blades    | 4 5 6 7 |  7.0
Fighting       | |  3.6
Dodging        | |  3.2
Stealth        | |  1.5

Action                   |  1- 3 |  4- 6 || total
-------------------------+-------+-------++-------
Melee: Falchion          |    67 |    46 ||   113
       Headbutt          |    10 |     9 ||    19
  Use: Scroll            |     9 |     3 ||    12
       Potion            |     7 |       ||     7
 Stab: Sleeping          |     4 |     1 ||     5
       Paralysed         |       |     1 ||     1
  Eat: Chunk             |     2 |     2 ||     4
Armor: Robe              |     4 |       ||     4
       Leather armour    |     1 |     3 ||     4
Dodge: Dodged            |    26 |    20 ||    46
Block: Other             |       |     5 ||     5
       Rpst.: Falchion   |     8 |     4 ||    12
